 Dungeon Crawl Stone Soup version 0.28.0 (webtiles) character file.

Game seed: 14802029783401304554

23 Karn the Skirmisher (level 2, 0/24 HPs)
             Began as a Demonspawn Fighter on Feb 6, 2022.
             Was a Follower of Sif Muna.
             Slain by a jackal (2 damage)
             ... on level 2 of the Dungeon.
             The game lasted 00:01:27 (821 turns).

Karn the Skirmisher (Demonspawn Fighter)             Turns: 821, Time: 00:01:28

Health: 0/24       AC:  6    Str: 16    XL:     2   Next: 75%
Magic:  2/2        EV:  8    Int:  9    God:    Sif Muna [*.....]
Gold:   0          SH:  4    Dex: 12    Spells: 1/1 levels left

rFire   . . .      SeeInvis .   a - +0 long sword
rCold   . . .      Faith    .   c - +0 buckler
rNeg    . . .      Spirit   .   b - +0 scale mail
rPois   .          Reflect  .   (no helmet)
rElec   .          Harm     .   (no cloak)
rCorr   .          Rampage  .   (no gloves)
Will    .....                   (no boots)
Stlth   ..........              (no amulet)
HPRegen 0.08/turn               (no ring)
MPRegen 0.08/turn               (no ring)

@: no status effects
A: demonic guardian 1
a: Renounce Religion, Channel Magic


You were on level 2 of the Dungeon.
You worshipped Sif Muna.
Sif Muna was aware of your devotion.
You visited 1 branch of the dungeon, and saw 2 of its levels.

Inventory:

Hand Weapons
 a - a +0 long sword (weapon)
Armour
 b - a +0 scale mail (worn)
 c - a +0 buckler (worn)
Scrolls
 f - a scroll of noise {unknown}
Potions
 d - a potion of might
 e - a potion of degeneration {unknown}


   Skills:
 + Level 3.2 Fighting
 + Level 1.8 Long Blades
 + Level 3.1 Armour
 + Level 0.2 Dodging
 + Level 2.9 Shields


You had one spell level left.
You didn't know any spells.
Your spell library was empty.

Dungeon Overview and Level Annotations

Branches:
Dungeon (2/15)

Altars:
Sif Muna


Innate Abilities, Weirdness & Mutations

A weak demonic guardian rushes to your aid.


Message History

The jackal bites you.
* * * LOW HITPOINT WARNING * * *
The jackal barely misses you. You block the jackal's attack.
The jackal bites you but does no damage.
The jackal barely misses you. x2
You block the jackal's attack. The jackal closely misses you.
The jackal barely misses you. You block the jackal's attack.
The jackal bites you.
* * * LOW HITPOINT WARNING * * *
A demonic guardian appears!
The jackal bites you but does no damage.
You block the jackal's attack. x2
The jackal closely misses you. You block the jackal's attack.
Your quasit bites the jackal.
Your quasit claws the jackal but does no damage.
Your quasit claws the jackal.
The jackal closely misses you. x2
Your quasit completely misses the jackal.
Your quasit closely misses the jackal.
Your quasit barely misses the jackal.
The jackal bites you but does no damage. x2
Your quasit bites the jackal but does no damage.
Your quasit claws the jackal. x2; The jackal barely misses you.
The jackal bites you but does no damage.
Your quasit barely misses the jackal. x2
Your quasit closely misses the jackal.
The jackal bites you.
* * * LOW HITPOINT WARNING * * *
The jackal barely misses you.
Your quasit bites the jackal but does no damage.
Your quasit barely misses the jackal.
Your quasit misses the jackal. The jackal barely misses you. x2
The jackal closely misses you.
The jackal bites you but does no damage.
Your quasit barely misses the jackal.
Your quasit closely misses the jackal.
Your quasit claws the jackal but does no damage.
The jackal bites you but does no damage. x2
Your quasit bites the jackal.
The jackal dies!
Sif Muna accepts your kill.
The jackal bites you but does no damage.
The jackal bites you.
You die...

##.#. ... ... #
#.# # #.
#.##.##..
.#.##.##<......#
........###.####
##.##.#5###.#
#.h@>...#
###.##### ..#
...# #...# ##.##
#. ..


You could see a jackal (ally target) and a friendly quasit (summoned).

Vanquished Creatures
  A bat (D:1)
  An endoplasm (D:1)
  4 hobgoblins (D:1)
  3 jackals (D:1)
  2 quokkas (D:1)
  A ball python (D:1)
  A frilled lizard (D:1)
  A goblin (D:1)
  2 rats (D:1)
16 creatures vanquished.

Vanquished Creatures (collateral kills)
  A hobgoblin (D:1)
  A jackal (D:2)
  A kobold (D:1)
  A rat (D:1)
4 creatures vanquished.

Vanquished Creatures (others)
  A plant (D:1)
1 creature vanquished.

Grand Total: 21 creatures vanquished

Notes
Turn   | Place    | Note
-------+----------+-------------------------------------------
     0 | D:1      | Karn the Demonspawn Fighter began the quest for the Orb.
     0 | D:1      | Reached XP level 1. HP: 18/18 MP: 1/1
   280 | D:1      | Gained mutation: A weak demonic guardian rushes to your
                  | aid. [demonic ancestry]
   280 | D:1      | Reached XP level 2. HP: 11/24 MP: 2/2
   455 | D:1      | Found a faded altar of an unknown god.
   482 | D:1      | Prayed at the altar of an unknown god.
   482 | D:1      | Became a worshipper of Sif Muna the Loreminder
   482 | D:1      | Reached * piety under Sif Muna
   817 | D:2      | HP: 1/24 [jackal (3)]
   821 | D:2      | Slain by a jackal

Illustrated notes

Levels and vault maps discovered:
D:1:      eino_arrival_water_cross, layout_rooms,
          hellmonk_ecumenical_altar_run_dry
D:2:      layout_loops_cross

Skill      XL: |  1  2 |
---------------+-------+-----
Armour         | 3 |  3.1
Fighting       | |  3.2
Long Blades    | |  1.8
Dodging        | |  0.2
Shields        | |  2.9

Action                   || total
-------------------------++-------
Melee: Long sword        ||    47
Armor: Scale mail        ||    90
Dodge: Dodged            ||    91
Block: Buckler           ||    43
